 Dungeon Crawl Stone Soup version 0.18.1-50-g88ac8fd (webtiles) character file.

32 Jawreze the Skirmisher (level 3, -12/40 HPs)
             Began as an Ogre Berserker on Oct 8, 2016.
             Was an Initiate of Makhleb.
             Mangled by a polar bear (26 damage)
             ... created by the rage of Trog
             ... on level 2 of the Dungeon.
             The game lasted 00:09:43 (1359 turns).

Jawreze the Skirmisher (Ogre Berserker)             Turns: 1359, Time: 00:09:50

Health: -12/40     AC:  3    Str: 22    XL:     3   Next: 25%
Magic:  3/3        EV: 10    Int:  7    God:    Makhleb [......]
Gold:   85         SH:  0    Dex:  9    Spells: 0 memorised, 2 levels left

rFire  . . .     SeeInvis .     a - +0 spear
rCold  . . .     Gourm    .     b - +0 animal skin
rNeg   . . .     Faith    .     (no shield)
rPois  .         Spirit   .     (helmet restricted)
rElec  .         Dismiss  .     (no cloak)
rCorr  .         Reflect  .     (gloves unavailable)
SustAt .         Harm     .     (boots unavailable)
MR     .....                    (no amulet)
Stlth  +.........               (no ring)
                                (no ring)

@: not resistant to hostile enchantments, very unstealthy
A: unfitting armour, tough skin 1
a: Renounce Religion


You were on level 2 of the Dungeon.
You worshipped Makhleb.
Makhleb was noncommittal.
You were not hungry.

You visited 1 branch of the dungeon, and saw 2 of its levels.

You collected 85 gold pieces.

Inventory:

Hand Weapons
 a - a +0 spear (weapon)
 e - a +0 short sword
 h - a +0 club
 k - a +0 whip
 l - a +0 club
 o - a +2 dagger of venom
 q - a +0 club
 u - a +0 club
Missiles
 i - 17 arrows
 j - 35 bolts
 m - 15 poisoned needles
Armour
 b - a +0 animal skin (worn)
 p - a cursed +0 chain mail
Jewellery
 r - an uncursed ring of sustain attributes {unknown}
Potions
 g - 4 potions of curing {unknown}
 t - a potion of invisibility {unknown}
Comestibles
 c - a bread ration
 d - a beef jerky


   Skills:
 + Level 4.5 Fighting
 + Level 3.4 Polearms
 + Level 3.1 Dodging


You had 2 spell levels left.
You didn't know any spells.

Dungeon Overview and Level Annotations

Branches:
Dungeon (2/15)

Altars:
Makhleb
Zin


Innate Abilities, Weirdness & Mutations

You are too large for most types of armour.
You have tough skin (AC +1).


Message History

Found a burning altar of Makhleb.
The green death roars!
Trog sends monsters to punish you. 3 polar bears and a black bear come into view.
Press: ? - help, v - describe, . - travel The floor.
As you read the scroll labeled INEBRI XUOLOI, it crumbles to dust.
It is a scroll of recharging.
You aren't carrying any rechargeable items.
The polar bear barely misses you. The polar bear claws you.
The polar bear closely misses you. The polar bear bites you!
The polar bear barely misses you. The polar bear closely misses you.
As you read the scroll labeled XATTEU FULEKK, it crumbles to dust.
You feel blessed for a moment.
It was a scroll of remove curse.
The polar bear barely misses you. The polar bear claws you!
The polar bear claws you.
The black bear rages.
The polar bear bites you!!
Ouch! That really hurt!
You die...

# #....#....#
#.##........#
........#####
........###########
........).........##
.##...##...........#
#... #.......h..#
#...
#......hhh#######
#...
#.......@...._#2#
#..
###.############# ..
#.# #.# #+#


You could see a green death, 3 polar bears and a black bear (berserk).

Vanquished Creatures
  An adder (D:2)
  2 bats (D:1)
  A giant cockroach (D:1)
  4 goblins
  2 hobgoblins (D:1)
  4 jackals (D:1)
  A giant newt (D:2)
  4 kobolds (D:1)
  2 rats
21 creatures vanquished.

Notes
Turn   | Place    | Note
--------------------------------------------------------------
     0 | D:1      | Jawreze the Ogre Berserker began the quest for the Orb.
     0 | D:1      | Reached XP level 1. HP: 24/24 MP: 1/1
   311 | D:1      | Reached XP level 2. HP: 9/33 MP: 2/2
  1112 | D:2      | Reached XP level 3. HP: 33/40 MP: 3/3
  1208 | D:2      | Noticed an Executioner
  1209 | D:2      | Found a burning altar of Makhleb.
  1214 | D:2      | Found a glowing silver altar of Zin.
  1215 | D:2      | Noticed an angel
  1246 | D:2      | Fell from the grace of Trog
  1246 | D:2      | Became a worshipper of Makhleb the Destroyer
  1352 | D:2      | Found a burning altar of Makhleb.
  1354 | D:2      | Noticed a green death
  1356 | D:2      | Noticed a black bear
  1356 | D:2      | Noticed a polar bear
  1356 | D:2      | Noticed a polar bear
  1356 | D:2      | Noticed a polar bear
  1359 | D:2      | Mangled by a polar bear

Skill      XL: |  1  2 |
---------------+-------+-----
Dodging        | 3 |  3.1
Fighting       | |  4.5
Polearms       | |  3.4

Action                   || total
-------------------------++-------
Melee: Spear             ||    70
Invok: Berserk           ||     1
  Use: Scroll            ||     2
  Eat: Meat ration       ||     1
Armor: Animal skin       ||    21
Dodge: Dodged            ||    42
